 Dungeon Crawl Stone Soup version 0.32-a0-576-g706899e69d (webtiles) character file.

Game seed: 4227025477250724693

1557 growler the Carver (level 8, 0/64 HPs)
             Began as a Coglin Cinder Acolyte on Mar 1, 2024.
             Was an Initiate of Wu Jian.
             Slain by a fire elemental (9 damage)
             ... created by the fiery vengeance of Ignis
             ... on level 7 of the Dungeon.
             The game lasted 00:15:21 (4517 turns).

growler the Carver (Coglin Cinder Acolyte)          Turns: 4517, Time: 00:15:22

Health: 0/64       AC:  6    Str: 17    XL:     8   Next: 88%
Magic:  9/9        EV: 11    Int: 14    God:    Wu Jian [......]
Gold:   242        SH:  0    Dex:  9    Spells: 9/9 levels left

rFire   . . .        a - -1 falchion (flame) {Stanko}
rCold   . . .        c - +0 dagger {Yan}
rNeg    . . .        l - +2 robe of the Hanged Man {SInv Archmagi}
rPois   .            d - +1 hat
rElec   .            (no cloak)
rCorr   .            (no gloves)
SInv    +            i - +0 pair of boots
Will    .....        (amulet unavailable)
Stlth   +            (ring unavailable)
HPRegen 0.30/turn    (ring unavailable)
MPRegen 0.11/turn    (no gizmo)

%: archmagi
@: fire susceptible, revving
A: off-hand wielding, slow wielding, warmup strikes, no jewellery
a: Invent Gizmo, Renounce Religion


You were on level 7 of the Dungeon.
You worshipped Wu Jian.
Wu Jian was noncommittal.
You visited 2 branches of the dungeon, and saw 9 of its levels.

You collected 242 gold pieces.

Inventory:

Hand Weapons
 a - a -1 falchion of flaming (weapon) {Stanko}
 c - a +0 dagger (offhand) {Yan}
Armour
 b - a +0 robe
 d - a +1 hat (worn)
 i - a +0 pair of boots (worn)
 l - the +2 robe of the Hanged Man (worn) {SInv Archmagi}
   (You found it on level 2 of the Dungeon)

   SInv:      It lets you see invisible.
   Archmagi:  It increases the power of your magical spells.
Talismans
 n - a storm talisman
Wands
 s - a wand of warping (8)
Scrolls
 e - 2 scrolls of teleportation
 f - 4 scrolls of identify
 h - a scroll of poison {unknown}
 j - a scroll of brand weapon {unknown}
 o - a scroll of immolation {unknown}
 p - a scroll of amnesia
 v - 2 scrolls of vulnerability {unknown}
 w - a scroll of revelation {unknown}
Potions
 g - 4 potions of brilliance {unknown}
 k - a potion of mutation
 m - 4 potions of might {unknown}
 q - a potion of cancellation {unknown}
 r - a potion of enlightenment {unknown}
 t - a potion of lignification {unknown}
 u - a potion of degeneration {unknown}


   Skills:
 + Level 6.3 Fighting
 * Level 8.4 Long Blades
 - Level 1.0 Spellcasting
 - Level 2.6 Fire Magic
 + Level 6.3 Evocations


You had 9 spell levels left.
You didn't know any spells.
Your spell library contained the following spells:

 Spells                   Type           Power      Damage    Failure   Level
 Scorch                   Fire           24%        2d6       13%         2
 Sublimation of Blood     Necr           1%         N/A       36%         2
 Inner Flame              Hex/Fire       6%         N/A       41%         3
 Fugue of the Fallen      Necr           1%         N/A       61%         3
 Animate Dead             Necr           1%         N/A       95%         4
 Irradiate                Conj/Alch      0%         3d11      100%        5
 Death Channel            Necr           0%         N/A       100%        6
 Haunt                    Necr/Summ      0%         N/A       100%        7
 Borgnjor's Revivificati  Necr           0%         N/A       100%        8
 Ignition                 Fire           6%         3d4       100%        8
 Infestation              Necr           0%         N/A       100%        8


Dungeon Overview and Level Annotations

Branches:
Dungeon (8/15)             Temple (1/1) D:5
   Lair: D:8-11

Altars:
Ashenzari
Cheibriados
Elyvilon
Gozag
Hepliaklqana
Kikubaaqudgha
Makhleb
Nemelex Xobeh
Okawaru
Ru
Sif Muna
Vehumet
Wu Jian
Xom
Zin
The Shining One

Shops:
D:3 !


Innate Abilities, Weirdness & Mutations

You can wield a second weapon in your off-hand.
It takes a long time for you to wield or remove held weapons.
Your first few attacks do less damage.
You cannot equip rings or amulets.


Message History

The sleepcap releases spores at you but does no damage.
Your surroundings suddenly seem different.
Found 10 gold pieces.
You feel sick.
You feel sick.
You feel sick.
You feel sick.
You feel sick.
You feel sick.
You feel sick.
You feel sick.
You now have 242 gold pieces (gained 10).
You feel sick.
You are no longer poisoned.
Unknown command.
You start resting. "Betrayer!
Apostate!
Perish!" 3 fire elementals come into view.
Found 7 gold pieces.
The fire elemental hits you. The fire elemental burns you!
A hound comes into view.
The hound barks!
You hit the fire elemental with your +0 dagger.
The fire elemental is lightly damaged.
You hit the fire elemental with your -1 falchion of flaming.
The fire elemental hits you. The fire elemental burns you!
You closely miss the fire elemental with your -1 falchion of flaming.
The fire elemental is moderately damaged.
You barely miss the fire elemental with your +0 dagger.
The fire elemental barely misses you. The hound bites you.
You hit the hound but do no damage. x2; The fire elemental hits you.
The fire elemental burns you! The fire elemental hits you.
The fire elemental burns you!
* * * LOW HITPOINT WARNING * * *
The hound misses you.
Unknown command.
You closely miss the hound with your -1 falchion of flaming.
You hit the hound with your +0 dagger. The fire elemental hits you.
The fire elemental burns you!
* * * LOW HITPOINT WARNING * * *
The fire elemental hits you. The fire elemental burns you!
You die...

#.......#
##......#
#.....## #
#..°..# #
##...## ##
#○°## .##
#.°E##
..###
###EE###...
#...##
#@......#
##...##
#h####...
###...# ..#
$ # ###.#
..## ###
..# ..# ###


You could see 3 fire elementals and a hound.

Vanquished Creatures
  Pikel (D:8)
  A steam dragon (D:8)
  An ogre (D:5)
  A centaur (D:5)
  A phantom (D:4)
  Blork the orc (D:5)
  A water moccasin zombie (D:4)
  3 scorpions
  3 bombardier beetles (D:5)
  A bullfrog zombie (D:4)
  A bullfrog skeleton (D:4)
  A hound (D:6)
  A scorpion zombie (D:4)
  3 hound zombies (D:4)
  7 adders
  3 gnolls (D:4)
  2 adder zombies (D:4)
  2 adder skeletons (D:4)
  4 ribbon worms
  2 orcs
  3 ball pythons
  5 endoplasms
  4 giant cockroaches
  6 goblins
  7 hobgoblins
  4 quokkas
  4 bats
  2 frilled lizards
  4 kobolds
  6 rats
85 creatures vanquished.

Notes
Turn   | Place    | Note
-------+----------+-------------------------------------------
     0 | D:1      | growler the Coglin Cinder Acolyte began the quest for the
                  | Orb.
     0 | D:1      | Reached XP level 1. HP: 18/18 MP: 2/2
    69 | D:1      | Reached XP level 2. HP: 14/24 MP: 3/3
   675 | D:2      | Reached XP level 3. HP: 17/29 MP: 4/4
   882 | D:2      | Identified the +2 robe of the Hanged Man {SInv Archmagi}
  1181 | D:2      | Reached skill level 4 in Long Blades
  1390 | D:3      | Reached XP level 4. HP: 32/36 MP: 5/5
  1766 | D:3      | Found a hazy altar of Hepliaklqana.
  1800 | D:3      | Found Naeserph's Distillery.
  1951 | D:4      | Reached skill level 1 in Evocations
  1951 | D:4      | Reached XP level 5. HP: 36/42 MP: 6/6
  1960 | D:4      | Reached skill level 5 in Long Blades
  2021 | D:4      | Reached XP level 6. HP: 39/48 MP: 7/7
  2448 | D:4      | Reached skill level 6 in Long Blades
  2474 | D:4      | Reached XP level 7. HP: 53/55 MP: 8/8
  2491 | D:4      | Got the Compilation of the Necropsy
  2684 | D:4      | Found a broken altar of Ashenzari.
  2688 | D:4      | Saw a vision of the Shoals and the Spider Nest.
  2688 | D:4      | Noticed a sea snake
  2688 | D:4      | Noticed a snapping turtle
  2688 | D:4      | Noticed a merfolk impaler
  2688 | D:4      | Noticed a manticore
  2688 | D:4      | Noticed a steelbarb worm
  2688 | D:4      | Noticed a steelbarb worm
  2688 | D:4      | Noticed a merfolk siren
  2688 | D:4      | Noticed a broodmother
  2688 | D:4      | Noticed a culicivora
  2688 | D:4      | Noticed a snapping turtle
  2688 | D:4      | Noticed a merfolk
  2688 | D:4      | Noticed a redback
  2688 | D:4      | Noticed a redback
  2688 | D:4      | Noticed a sea snake
  2688 | D:4      | Noticed a demonic crawler
  2688 | D:4      | Noticed a merfolk siren
  2688 | D:4      | Noticed a manticore
  2688 | D:4      | Noticed a steelbarb worm
  2689 | D:4      | Noticed a water elemental
  2689 | D:4      | Noticed a snapping turtle
  2689 | D:4      | Noticed a tarantella
  2689 | D:4      | Noticed a tarantella
  2689 | D:4      | Noticed a demonic crawler
  2690 | D:4      | Noticed a pharaoh ant
  2690 | D:4      | Noticed a torpor snail
  2690 | D:4      | Noticed a tarantella
  3036 | D:5      | Entered Level 5 of the Dungeon
  3053 | D:5      | Found a staircase to the Ecumenical Temple.
  3071 | Temple   | Entered the Ecumenical Temple
  3126 | Temple   | Fell from the grace of Ignis
  3126 | Temple   | Became a worshipper of the Wu Jian Council
  3270 | D:5      | Reached skill level 5 in Fighting
  3326 | D:5      | Noticed Blork the orc
  3335 | D:5      | Killed Blork the orc
  3432 | D:5      | You fall into a shaft and drop 2 floors!
  3462 | D:6      | Reached skill level 7 in Long Blades
  3577 | D:6      | Reached XP level 8. HP: 60/62 MP: 9/9
  3813 | D:5      | Reached skill level 5 in Evocations
  3877 | D:5      | You fall into a shaft and drop 3 floors!
  4206 | D:8      | Noticed Pikel
  4230 | D:8      | Killed Pikel
  4231 | D:8      | Reached skill level 8 in Long Blades
  4517 | D:7      | Slain by a fire elemental

Illustrated notes

Levels and vault maps discovered:
D:1:      wander_arrival_lonely_grave, layout_basic, serial_bayou_pond_e
D:2:      layout_rooms, serial_rivers, chequers_serial_rivers_room_b,
          chequers_serial_rivers_marsh, chequers_serial_rivers_large_a,
          chequers_serial_rivers_micro_d
D:3:      layout_rooms, lemuel_doored_altar, serial_shops, shop
D:4:      layout_loops_ring, grunt_ashenzari_visionary
          [grunt_ashenzari_visionary_shoals, grunt_ashenzari_visionary_spider],
          serial_undead, serial_undead_a, serial_undead_e, serial_undead_a,
          serial_undead_c, chequers_arboretum
D:5:      layout_cave_pods, minmay_temple_entry_statues_pillars,
          uniq_blork_the_orc
D:6:      layout_cave_pools, fedhas_altar_3, kennysheep_mini_moat,
          hangedman_minor_gate_pass
D:7:      layout_cave_pods, mainiacjoe_overflow_small_starburst, enter_bailey_5
D:8:      layout_basic, chequers_avenue, chequers_serial_rivers_small_b,
          uniq_pikel
Temple:   nicolae_temple_superstar

Skill      XL: |  1  2  3  4  5  6  7  8 |
---------------+-------------------------+-----
Long Blades    | 4 5 6 7 8 |  8.4
Evocations     | 1 2 3 4 6 |  6.3
Fighting       | 4 5 6 |  6.3
Spellcasting   | |  1.0
Fire Magic     | |  2.6

Action                     |  1- 3 |  4- 6 |  7- 9 || total
---------------------------+-------+-------+-------++-------
  Melee: Falchion          |    74 |   168 |   149 ||   391
         Dagger            |    69 |   155 |   147 ||   371
 Invoke: Fiery Armour      |     1 |     1 |       ||     2
Ability: Lunge             |       |       |     7 ||     7
  Evoke: Wand              |       |       |     7 ||     7
    Use: Scroll            |       |     4 |     1 ||     5
         Potion            |       |     1 |       ||     1
 Armour: Robe              |    35 |    89 |   118 ||   242
  Dodge: Dodged            |    48 |    86 |    68 ||   202

Table legend: (Time is in decaauts)
 A = Elapsed time spent in this place.
 B = Non-inter-level travel time spent in this place.
 C = Inter-level travel time spent in this place.
 D = Time resting spent in this place.
 E = Time spent auto-exploring this place.
 F = Levels seen in this place.
 G = Mean time per level.
                   A        B        C        D        E       F      G
               +--------+--------+--------+--------+--------+-----+--------+
         Total |   4509 |   4467 |     42 |    334 |   3044 |   9 |  501.0 |
       Dungeon |   4428 |   4386 |     42 |    334 |   3044 |   8 |  553.5 |
        Temple |     80 |     80 |      0 |      0 |      0 |   1 |   80.0 |
               +--------+--------+--------+--------+--------+-----+--------+

Top non-repeatable levels by time:
     D:4: 1096 daAuts
     D:2: 720 daAuts
     D:1: 638 daAuts
     D:3: 585 daAuts
     D:5: 571 daAuts
     D:8: 462 daAuts
     D:7: 180 daAuts
     D:6: 173 daAuts
  Temple: 80 daAuts
